 Dungeon Crawl Stone Soup version 0.22.0-38-g04b72b8c25 (webtiles) character file.

7833 Riddle the Slicer (level 11, -4/145 HPs)
             Began as a Gnoll Chaos Knight on Aug 30, 2018.
             Slain by a troll (7 damage)
             ... while paralysed by you
             ... on level 2 of the Orcish Mines.
             The game lasted 00:53:38 (10759 turns).

Riddle the Slicer (Gnoll Chaos Knight)             Turns: 10759, Time: 00:53:39

Health: -4/145     AC:  9    Str: 29    XL:     11   Next: 21%
Magic:  0/22       EV:  2    Int:  9    God:    Xom [....*.]
Gold:   486        SH:  0    Dex: 15    Spells: 20/22 levels left

rFire    . . .     SeeInvis +   a - +3 short sword (chaos)
rCold    + . .     Gourm    .   J - +0 shield
rNeg     . . .     Faith    .   p - +1 leather armour {rPois}
rPois    +         Spirit   +   w - +0 hat {MR+}
rElec    +         Reflect  .   (no cloak)
rCorr    .         Harm     .   z - +0 pair of gloves
MR       ++...                  F - +0 pair of boots
Stlth    ..........             g - amulet of guardian spirit
HPRegen  0.34/turn              f - +6 ring of strength
MPRegen  0.18/turn              s - ring "Duplolli" {+Inv rPois Int-5 SInv Stlth+}

@: paralysed, berserking (expiring), cleaving, very slightly contaminated,
hasted, invisible
A: distributed training, antennae 1, fangs 1, hooves 1, thin metallic scales 1,
cold resistance 1, high mp 1, magic resistance 1, poison resistance, robust 1,
electricity resistance, wild magic 1, MP-powered wands, strong nose
a: Renounce Religion


You were on level 2 of the Orcish Mines.
You worshipped Xom.
You were a beloved toy of Xom.
You were not hungry.

You visited 2 branches of the dungeon, and saw 11 of its levels.

You collected 902 gold pieces.
You spent 416 gold pieces at shops.

Inventory:

Hand Weapons
 a - a +3 short sword of chaos (weapon)
 x - a +0 blowgun
Missiles
 k - 143 arrows
 D - 4 poisoned tomahawks (quivered)
 H - 9 poisoned needles
Armour
 p - a +1 leather armour of poison resistance (worn)
 w - a +0 hat of magic resistance (worn)
 z - a +0 pair of gloves (worn)
 F - a +0 pair of boots (worn)
 J - a +0 shield (worn)
Jewellery
 f - a +6 ring of strength (left hand)
 g - an amulet of guardian spirit (around neck)
 s - the ring "Duplolli" (right hand) {+Inv rPois Int-5 SInv Stlth+}
   (Xom gifted it to you on level 5 of the Dungeon)

   [ring of see invisible]

   It affects your intelligence (-5).
   It protects you from poison.
   It lets you see invisible.
   It lets you turn invisible.
   It makes you more stealthy.
Wands
 G - a wand of clouds (6)
 I - a wand of polymorph (10)
Scrolls
 h - a scroll of magic mapping
 j - 3 scrolls of amnesia
 o - 4 scrolls of teleportation
 q - 2 scrolls of remove curse
 y - 3 scrolls of identify
 B - 2 scrolls of random uselessness
 E - a scroll of noise {unknown}
 K - a scroll of fear {unknown}
Potions
 d - 6 potions of curing
 e - 3 potions of brilliance {unknown}
 i - 2 potions of degeneration {unknown}
 l - 3 potions of lignification
 m - a potion of invisibility {unknown}
 n - 2 potions of cancellation {unknown}
 r - 4 potions of heal wounds
 t - 3 potions of might {unknown}
 u - a potion of berserk rage {unknown}
 v - a potion of haste {unknown}
 A - 2 potions of ambrosia {unknown}
 C - a potion of agility {unknown}
Comestibles
 c - 10 rations


   Skills:
 + Level 9.0 Fighting
 + Level 9.0 Short Blades
 + Level 6.0 Long Blades
 + Level 6.0 Axes
 + Level 6.0 Maces & Flails
 + Level 6.0 Polearms
 + Level 6.0 Staves
 + Level 6.0 Slings
 + Level 6.0 Bows
 + Level 6.0 Crossbows
 + Level 6.0 Throwing
 + Level 7.6 Armour
 + Level 6.5 Dodging
 + Level 6.0 Stealth
 + Level 6.0 Shields
 + Level 6.0 Unarmed Combat
 + Level 6.0 Spellcasting
 + Level 4.9 Conjurations
 + Level 4.9 Hexes
 + Level 4.9 Charms
 + Level 4.9 Summonings
 + Level 4.9 Necromancy
 + Level 4.9 Translocations
 + Level 4.9 Transmutations
 + Level 4.9 Fire Magic
 + Level 4.9 Ice Magic
 + Level 4.9 Air Magic
 + Level 4.9 Earth Magic
 + Level 4.9 Poison Magic
 + Level 6.5 Invocations
 + Level 6.0 Evocations


You had 20 spell levels left.
You knew the following spells:

 Your Spells              Type           Power        Failure   Level  Hunger
a - Poisonous Vapours     Pois/Air       ###...       22%         2    ##.....

Your spell library contained the following spells:

 Spells                   Type           Power        Failure   Level  Hunger
 Conjure Flame            Conj/Fire      ###.....     38%         3    ###....
 Mephitic Cloud           Conj/Pois/Air  ###.....     38%         3    ###....
 Freezing Cloud           Conj/Ice/Air   ###.......   100%        6    #######
 Ring of Flames           Chrm/Fire      ###.......   100%        7    #######


Dungeon Overview and Level Annotations

Branches:
Dungeon (9/15)             Temple (0/1) D:6            Lair (0/6) D:9
    Orc (2/2) D:9
    Elf: Orc:2

Altars:
Ashenzari
Dithmenos
Fedhas
Nemelex Xobeh
Okawaru
Xom

Shops:
D:5 **}!   D:6 *   D:8 :   D:9 ?

Annotations:
D:6 1 transporter


Innate Abilities, Weirdness & Mutations

Your experience applies equally to all skills.
You have very sharp teeth.
Your uncanny sense of smell can sniff out nearby items.
You have a pair of small antennae on your head.
You have large cloven feet.
You are partially covered in thin metallic scales. (AC +2)
Your flesh is cold resistant. (rC+)
You have an increased reservoir of magic. (+10% MP)
You are resistant to hostile enchantments. (MR+)
Your system is resistant to poisons. (rPois)
You are robust. (+10% HP)
You are resistant to electric shocks. (rElec)
Your spells are a little harder to cast, but a little more powerful.
You expend magic power (3 MP) to strengthen your wands.


Message History

The stone giant hits you!!
* * * LOW HITPOINT WARNING * * *
You are engulfed in seething chaos.
Xom smiles on you.
Your +3 short sword of chaos looks sharp.
The stone giant looks more healthy.
An orc comes into view. It is wielding a flail.
The troll bites you but does no damage. The troll claws you.
* * * LOW HITPOINT WARNING * * *
The troll claws you!
* * * LOW HITPOINT WARNING * * *
The stone giant hits you!!!
* * * LOW HITPOINT WARNING * * *
Xom roars with laughter!
The orc shouts!
You are engulfed in seething chaos.
Heat runs through your body.
The orc shouts!
You hear a shout!
The troll bites you but does no damage. The troll claws you!
You die...
Xom roars with laughter!

# ##. ##
#...#.#####
#......)#.##
........C..#
.......)T@##
....).....<.#
......#.....(#
............#.#
..$.#......#....
.................
.$..............#
..o....##..##...


You could see a stone giant, a troll and an orc wizard (wandering).

Vanquished Creatures
  An ettin (Orc:1)
  2 tengu warriors (D:9)
  Joseph (D:7)
  2 hippogriffs (D:9)
  A yak (D:8)
  Duvessa (D:7)
  10 orc warriors
  A black bear (D:6)
  A sky beast (D:8)
  An ice beast (D:6)
  A tengu (D:9)
  4 ogres
  4 centaurs
  A crocodile (D:9)
  An elf zombie (D:5)
  A big kobold (D:8)
  4 bullfrogs
  A water moccasin skeleton (D:5)
  Dowan (D:7)
  A scorpion (D:9)
  5 killer bees
  2 howler monkeys
  4 crimson imps
  A bullfrog zombie (D:2)
  A jelly (D:6)
  6 hounds
  A bullfrog skeleton (D:5)
  9 orc priests
  2 iguanas
  18 orc wizards
  A human skeleton (D:5)
  9 worker ants
  A hound zombie (D:5)
  A howler monkey zombie (D:5)
  10 gnolls
  8 adders
  2 shadow imps
  An ooze (D:3)
  An adder skeleton (D:4)
  5 worms
  2 dart slugs
  8 leopard geckos
  44 orcs
  A ball python (D:2)
  7 giant cockroaches
  4 goblins
  9 hobgoblins
  9 jackals
  2 quokkas
  3 bats
  5 frilled lizards
  11 kobolds
  An orc skeleton (D:5)
  2 orc zombies (D:5)
  A quokka skeleton (D:5)
  4 rats
241 creatures vanquished.

Vanquished Creatures (collateral kills)
  2 killer bees (D:9)
2 creatures vanquished.

Vanquished Creatures (others)
  An orc sorcerer (Orc:2)
  A phantom (D:9)
  3 orcs
  9 fungi (D:9)
  3 plants (D:9)
17 creatures vanquished.

Grand Total: 260 creatures vanquished

Notes
Turn   | Place    | Note
-------+----------+-------------------------------------------
     0 | D:1      | Riddle the Gnoll Chaos Knight began the quest for the Orb.
     0 | D:1      | Reached XP level 1. HP: 23/23 MP: 1/1
    12 | D:1      | XOM: harmless Chrm miscast
   209 | D:1      | XOM: harmless Ice miscast
   217 | D:1      | Reached XP level 2. HP: 28/29 MP: 2/2
   381 | D:1      | Reached XP level 3. HP: 31/35 MP: 3/3
   659 | D:1      | XOM: silly message
  1011 | D:2      | Reached skill level 1 in Invocations
  1014 | D:2      | XOM: silly message
  1020 | D:2      | Reached skill level 1 in Long Blades
  1020 | D:2      | Reached skill level 1 in Axes
  1020 | D:2      | Reached skill level 1 in Maces & Flails
  1020 | D:2      | Reached skill level 1 in Polearms
  1020 | D:2      | Reached skill level 1 in Staves
  1020 | D:2      | Reached skill level 1 in Slings
  1020 | D:2      | Reached skill level 1 in Bows
  1020 | D:2      | Reached skill level 1 in Crossbows
  1020 | D:2      | Reached skill level 1 in Throwing
  1020 | D:2      | Reached skill level 1 in Stealth
  1020 | D:2      | Reached skill level 1 in Shields
  1020 | D:2      | Reached skill level 1 in Unarmed Combat
  1020 | D:2      | Reached skill level 1 in Spellcasting
  1020 | D:2      | Reached skill level 1 in Evocations
  1020 | D:2      | Reached XP level 4. HP: 35/41 MP: 3/5
  1206 | D:2      | Reached skill level 1 in Conjurations
  1206 | D:2      | Reached skill level 1 in Hexes
  1206 | D:2      | Reached skill level 1 in Charms
  1206 | D:2      | Reached skill level 1 in Summonings
  1206 | D:2      | Reached skill level 1 in Necromancy
  1206 | D:2      | Reached skill level 1 in Translocations
  1206 | D:2      | Reached skill level 1 in Transmutations
  1206 | D:2      | Reached skill level 1 in Fire Magic
  1206 | D:2      | Reached skill level 1 in Ice Magic
  1206 | D:2      | Reached skill level 1 in Air Magic
  1206 | D:2      | Reached skill level 1 in Earth Magic
  1206 | D:2      | Reached skill level 1 in Poison Magic
  1206 | D:2      | Reached XP level 5. HP: 40/47 MP: 4/6
  1265 | D:2      | XOM: mild Chrm miscast
  1386 | D:2      | XOM: scenery: create altars
  1784 | D:3      | Noticed a centaur
  1785 | D:3      | XOM: fog
  1793 | D:3      | XOM: 1-stop teleportation journey
  1824 | D:3      | XOM: potion effect (brilliance)
  1829 | D:3      | XOM: scenery: create altars
  1838 | D:3      | Killed a centaur
  1838 | D:3      | Reached XP level 6. HP: 5/53 MP: 1/8
  1889 | D:3      | XOM: 1-stop teleportation journey
  1903 | D:3      | XOM: divination: magic mapping
  2014 | D:3      | Reached skill level 5 in Armour
  2394 | D:3      | XOM: 1-stop teleportation journey
  2602 | D:3      | XOM: silly message
  2875 | D:4      | Found an iron altar of Okawaru.
  2904 | D:4      | Reached XP level 7. HP: 41/59 MP: 6/10
  2949 | D:4      | XOM: blink monster(s)
  3004 | D:4      | XOM: medium Necr miscast
  3005 | D:4      | Noticed a shadow
  3005 | D:4      | Noticed a shadow
  3536 | D:4      | XOM: harmless Fire miscast
  3556 | D:4      | XOM: noise
  3589 | D:4      | XOM: chaos cloud
  3602 | D:5      | Entered Level 5 of the Dungeon
  3708 | D:4      | XOM: summons 4 friendly demons
  3990 | D:3      | XOM: mild Erth miscast
  4370 | D:4      | Found a blossoming altar of Fedhas.
  4454 | D:5      | Found Xax Atif's General Store.
  4465 | D:5      | Reached XP level 8. HP: 67/67 MP: 12/12
  4517 | D:5      | Bought a scroll of blinking for 97 gold pieces
  4517 | D:5      | Bought a scroll of teleportation for 39 gold pieces
  4632 | D:5      | Found Utoegaf's Gadget Boutique.
  4645 | D:5      | XOM: divination: detect creatures
  4705 | D:5      | Found Guimm's Distillery.
  4713 | D:5      | Bought a potion of curing for 36 gold pieces
  4716 | D:5      | XOM: destruction
  4845 | D:5      | XOM: god gift: crude iron ring {god gift}
  4856 | D:5      | Got a crude iron ring {god gift}
  4860 | D:5      | Identified the ring "Duplolli" {+Inv rPois Int-5 SInv Stlth+} (Xom gifted it to you on level 5 of the Dungeon)
  5025 | D:5      | XOM: summons 2 hostile demons
  5028 | D:5      | XOM: mild Chrm miscast
  5051 | D:5      | XOM: summons 4 hostile shadow creatures
  5213 | D:5      | XOM: summons 1 hostile demon
  5227 | D:5      | Bought a potion of curing for 36 gold pieces
  5304 | D:5      | Found Siyreged's Assorted Antiques.
  5498 | D:6      | XOM: confuse monster(s)
  5533 | D:6      | Found a sparkling altar of Nemelex Xobeh.
  5533 | D:6      | Found a transporter.
  5534 | D:6      | Noticed a wraith
  5534 | D:6      | Noticed a troll
  5706 | D:6      | XOM: confusion
  5707 | D:6      | XOM: fog
  5714 | D:6      | XOM: polymorph orc warrior -> ice beast
  5720 | D:6      | XOM: repel stairs
  5735 | D:6      | XOM: polymorph ice beast -> bullfrog
  5761 | D:6      | Reached XP level 9. HP: 36/72 MP: 4/14
  6003 | D:6      | Found Zunaal's General Store.
  6076 | D:6      | XOM: cleaving
  6379 | D:6      | Found a staircase to the Ecumenical Temple.
  6486 | D:7      | Noticed Duvessa
  6487 | D:7      | Noticed Dowan
  6495 | D:7      | Killed Dowan
  6502 | D:7      | Killed Duvessa
  6556 | D:7      | Noticed Joseph
  6579 | D:7      | Killed Joseph
  6579 | D:7      | Reached skill level 5 in Dodging
  6859 | D:7      | XOM: scenery: 1 doors open
  7026 | D:7      | XOM: 7-stop teleportation journey
  7039 | D:7      | XOM: fog
  7151 | D:7      | XOM: divination: detect items
  7698 | D:6      | Bought a potion of curing for 36 gold pieces
  7698 | D:6      | Bought a scroll of enchant weapon for 90 gold pieces
  7709 | D:6      | XOM: give mutations
  7709 | D:6      | Gained mutation: You have an increased reservoir of magic. (+10% MP) [Xom's grace]
  7709 | D:6      | Gained mutation: You have a pair of small antennae on your head. [Xom's grace]
  7709 | D:6      | Gained mutation: You have large cloven feet. [Xom's grace]
  7721 | D:8      | XOM: noise
  7738 | D:8      | Reached skill level 5 in Invocations
  7881 | D:8      | XOM: god gift: 370 gold pieces
  7893 | D:8      | Found Koukka's Book Shoppe.
  7934 | D:8      | XOM: give mutations
  7934 | D:8      | Gained mutation: You are resistant to electric shocks. (rElec) [Xom's grace]
  7934 | D:8      | Gained mutation: You are partially covered in thin metallic scales. (AC +2) [Xom's grace]
  7934 | D:8      | Gained mutation: Your flesh is cold resistant. (rC+) [Xom's grace]
  7960 | D:8      | Found a shattered altar of Ashenzari.
  7969 | D:8      | Found a shadowy altar of Dithmenos.
  8173 | D:8      | XOM: give mutation
  8173 | D:8      | Gained mutation: You are resistant to hostile enchantments. (MR+) [Xom's grace]
  8490 | D:9      | Reached XP level 10. HP: 79/80 MP: 18/18
  8492 | D:9      | XOM: scenery: 1 doors open
  8510 | D:9      | XOM: enchant monster (good)
  8526 | D:9      | XOM: smoke on damage
  8538 | D:9      | Found Efued's Magic Scroll Shop.
  8636 | D:9      | Bought a scroll of enchant weapon for 82 gold pieces
  8668 | D:9      | Reached skill level 5 in Long Blades
  8668 | D:9      | Reached skill level 5 in Axes
  8668 | D:9      | Reached skill level 5 in Maces & Flails
  8668 | D:9      | Reached skill level 5 in Polearms
  8668 | D:9      | Reached skill level 5 in Staves
  8668 | D:9      | Reached skill level 5 in Slings
  8668 | D:9      | Reached skill level 5 in Bows
  8668 | D:9      | Reached skill level 5 in Crossbows
  8668 | D:9      | Reached skill level 5 in Throwing
  8668 | D:9      | Reached skill level 5 in Stealth
  8668 | D:9      | Reached skill level 5 in Shields
  8668 | D:9      | Reached skill level 5 in Unarmed Combat
  8668 | D:9      | Reached skill level 5 in Spellcasting
  8668 | D:9      | Reached skill level 5 in Evocations
  8668 | D:9      | XOM: give mutations
  8668 | D:9      | Gained mutation: Your spells are a little harder to cast, but a little more powerful. [Xom's grace]
  8668 | D:9      | Gained mutation: You expend magic power (3 MP) to strengthen your wands. [Xom's grace]
  8668 | D:9      | Gained mutation: Your system is resistant to poisons. (rPois) [Xom's grace]
  8668 | D:9      | Gained mutation: You are robust. (+10% HP) [Xom's grace]
  8681 | D:9      | XOM: summons friendly ufetubus
  8712 | D:9      | Found a staircase to the Lair.
  8719 | D:9      | Learned a level 2 spell: Poisonous Vapours
  9036 | D:9      | Found a staircase to the Orcish Mines.
  9036 | D:9      | XOM: fog
  9079 | D:9      | XOM: fake destruction
  9184 | D:9      | XOM: 3-stop teleportation journey
  9347 | D:9      | XOM: cleaving
  9440 | D:9      | Noticed a tengu warrior
  9455 | D:9      | Noticed a tengu warrior
  9463 | D:9      | Killed a tengu warrior
  9478 | D:9      | Killed a tengu warrior
  9609 | D:9      | XOM: cast spell 'Discord'
  9687 | D:9      | XOM: summons 4 hostile demons
  9984 | Orc:1    | Entered Level 1 of the Orcish Mines
 10000 | Orc:1    | Reached XP level 11. HP: 80/95 MP: 15/21
 10107 | Orc:1    | Noticed an ettin
 10119 | Orc:1    | Killed an ettin
 10441 | Orc:1    | XOM: divination: detect items
 10534 | Orc:2    | Entered Level 2 of the Orcish Mines
 10534 | Orc:2    | Noticed a stone giant
 10536 | Orc:2    | XOM: summons friendly ufetubus
 10544 | Orc:2    | XOM: summons 5 hostile demons
 10546 | Orc:2    | Noticed an orc sorcerer
 10549 | Orc:2    | XOM: harmless Hex miscast
 10738 | Orc:1    | XOM: harmless Erth miscast
 10743 | Orc:2    | XOM: chaos cloud
 10748 | Orc:2    | Killed an orc sorcerer
 10748 | Orc:2    | XOM: divine lightning
 10751 | Orc:2    | Paralysed by you for 3 turns
 10751 | Orc:2    | XOM: harmless Air miscast
 10756 | Orc:2    | Paralysed by you for 7 turns
 10758 | Orc:2    | XOM: cleaving
 10758 | Orc:2    | HP: 3/145 [stone giant (32)]
 10759 | Orc:2    | Slain by a troll

Skill      XL: |  1  2  3  4  5  6  7  8  9 10 11 |
---------------+----------------------------------+-----
Invocations    | 1 2 3 4 5 6 |  6.5
Long Blades    | 1 2 3 4 5 6 |  6.0
Axes           | 1 2 3 4 5 6 |  6.0
Maces & Flails | 1 2 3 4 5 6 |  6.0
Polearms       | 1 2 3 4 5 6 |  6.0
Staves         | 1 2 3 4 5 6 |  6.0
Slings         | 1 2 3 4 5 6 |  6.0
Bows           | 1 2 3 4 5 6 |  6.0
Crossbows      | 1 2 3 4 5 6 |  6.0
Throwing       | 1 2 3 4 5 6 |  6.0
Stealth        | 1 2 3 4 5 6 |  6.0
Shields        | 1 2 3 4 5 6 |  6.0
Unarmed Combat | 1 2 3 4 5 6 |  6.0
Spellcasting   | 1 2 3 4 5 6 |  6.0
Evocations     | 1 2 3 4 5 6 |  6.0
Conjurations   | 1 2 3 4 |  4.9
Hexes          | 1 2 3 4 |  4.9
Charms         | 1 2 3 4 |  4.9
Summonings     | 1 2 3 4 |  4.9
Necromancy     | 1 2 3 4 |  4.9
Translocations | 1 2 3 4 |  4.9
Transmutations | 1 2 3 4 |  4.9
Fire Magic     | 1 2 3 4 |  4.9
Ice Magic      | 1 2 3 4 |  4.9
Air Magic      | 1 2 3 4 |  4.9
Earth Magic    | 1 2 3 4 |  4.9
Poison Magic   | 1 2 3 4 |  4.9
Dodging        | 3 4 5 6 |  6.5
Armour         | 5 6 7 |  7.6
Fighting       | 7 8 9 |  9.0
Short Blades   | 7 8 9 |  9.0

Action                   |  1- 3 |  4- 6 |  7- 9 | 10-12 || total
-------------------------+-------+-------+-------+-------++-------
Melee: Short sword       |    90 |   148 |   512 |   274 ||  1024
       Bite              |     8 |    24 |    78 |    49 ||   159
       Punch             |       |     1 |    11 |     7 ||    19
 Cast: Poisonous Vapours |       |       |       |     1 ||     1
 Abil: Evoke Invisibilit |       |       |     4 |     8 ||    12
  Use: Scroll            |       |     1 |    10 |     4 ||    15
       Potion            |       |       |     3 |       ||     3
 Stab: Sleeping          |     1 |       |    10 |     5 ||    16
       Confused          |       |       |     6 |     1 ||     7
       Paralysed         |       |       |     4 |     1 ||     5
       Distracted        |       |       |     1 |     1 ||     2
       Invisible         |       |       |     7 |    17 ||    24
  Eat: Chunk             |       |     6 |    16 |     8 ||    30
       Ration            |       |       |     1 |     1 ||     2
Armor: Leather armour    |    28 |    32 |    78 |    56 ||   194
       Skin              |       |       |    16 |       ||    16
Dodge: Dodged            |    44 |    67 |   267 |   187 ||   565
Block: Shield            |       |       |       |    55 ||    55
